 Dungeon Crawl Stone Soup version 0.19.0-2-gae57169 (webtiles) character file.

3311 varam the Grappler (level 9, -3/80 HPs)
             Began as a Troll Monk on Nov 4, 2016.
             Was a Believer of Qazlal.
             Slain by a centaur warrior (10 damage)
             ... on level 8 of the Dungeon.
             The game lasted 00:12:52 (7520 turns).

varam the Grappler (Troll Monk)                     Turns: 7520, Time: 00:12:53

Health: -3/80      AC:  8    Str: 25    XL:     9   Next: 70%
Magic:  3/10       EV: 15    Int:  6    God:    Qazlal [**....]
Gold:   420        SH:  2    Dex: 15    Spells: 0 memorised, 8 levels left

rFire  . . .     SeeInvis .       - Unarmed
rCold  + . .     Gourm    +     A - +0 robe {rN+}
rNeg   + . .     Faith    .     (no shield)
rPois  .         Spirit   .     f - +2 hat
rElec  .         Reflect  .     I - +0 cloak
rCorr  .         Harm     .     (gloves unavailable)
MR     .....                    (boots unavailable)
Stlth  +.........               (no amulet)
                                B - +4 ring of strength
                                O - ring of protection from cold

@: no status effects
A: unfitting armour, claws 3, fast metabolism 3, gourmand, regeneration 1,
shaggy fur 1, tough skin 2
a: Upheaval, Renounce Religion


You were on level 8 of the Dungeon.
You worshipped Qazlal.
Qazlal was pleased with you.
You were very full.

You visited 2 branches of the dungeon, and saw 9 of its levels.

You collected 420 gold pieces.

Inventory:

Missiles
 p - 6 poisoned tomahawks (quivered)
Armour
 f - a +2 hat (worn)
 A - a +0 robe of positive energy (worn)
 I - a +0 cloak (worn)
Jewellery
 j - an uncursed ring of fire
 m - an uncursed ring of magical power
 x - a +3 ring of strength
 B - a +4 ring of strength (right claw)
 O - a ring of protection from cold (left claw)
Wands
 G - a wand of lightning (5/15)
 J - a wand of flame (26/48)
 M - a wand of lightning (5/15)
 N - a wand of random effects (34/48)
 Q - a wand of flame (16/48)
Scrolls
 d - a scroll of enchant weapon {unknown}
 e - 3 scrolls of magic mapping {unknown}
 g - 5 scrolls of recharging
 h - a scroll of fear {unknown}
 k - 3 scrolls of remove curse
 l - 4 scrolls of identify
 n - 5 scrolls of teleportation {unknown}
 s - 2 scrolls of immolation {unknown}
 w - a scroll of blinking {unknown}
 y - 2 scrolls of noise {unknown}
 z - 4 scrolls of random uselessness {unknown}
 D - a scroll of amnesia {unknown}
 F - a scroll of enchant armour {unknown}
Potions
 a - a potion of flight {unknown}
 c - 3 potions of lignification
 i - 3 potions of curing
 o - 2 potions of heal wounds {unknown}
 q - 2 potions of might {unknown}
 t - a potion of mutation {unknown}
 v - 3 potions of degeneration {unknown}
 E - a potion of agility {unknown}
 K - a potion of cancellation {unknown}
Books
 r - a book of Minor Magic

   Spells                             Type                      Level
   a - Magic Dart                     Conjuration                  1
   b - Blink                          Translocation                2
   c - Call Imp                       Summoning                    2
   d - Repel Missiles                 Charms/Air                   2
   e - Slow                           Hexes                        2
   f - Conjure Flame                  Conjuration/Fire             3
   g - Mephitic Cloud                 Conjuration/Poison/Air       3
 L - a book of Conjurations

   Spells                             Type                      Level
   a - Magic Dart                     Conjuration                  1
   b - Searing Ray                    Conjuration                  2
   c - Dazzling Spray                 Conjuration/Hexes            3
   d - Fulminant Prism                Conjuration/Hexes            4
   e - Iskenderun's Mystic Blast      Conjuration                  4
   f - Iskenderun's Battlesphere      Conjuration/Charms           5
 P - a book of Debilitation

   Spells                             Type                      Level
   a - Corona                         Hexes                        1
   b - Slow                           Hexes                        2
   c - Gell's Gravitas                Hexes/Translocation          3
   d - Inner Flame                    Hexes/Fire                   3
   e - Cause Fear                     Hexes                        4
   f - Leda's Liquefaction            Hexes/Earth                  4
Comestibles
 b - 4 bread rations
 u - 2 beef jerkies
 C - 2 slices of pizza
 H - 4 meat rations


   Skills:
 - Level 2.4 Fighting
 + Level 8.7 Dodging
 - Level 1.0 Stealth
 + Level 9.2 Unarmed Combat
 + Level 3.6 Invocations


You had 8 spell levels left.
You didn't know any spells.

Dungeon Overview and Level Annotations

Branches:
Dungeon (8/15)             Temple (1/1) D:6            Lair (0/6) D:8

Altars:
Ashenzari
Cheibriados
Dithmenos
Elyvilon
Fedhas
Gozag
Hepliaklqana
Kikubaaqudgha
Nemelex Xobeh
Qazlal
Ru
Sif Muna
Trog
Uskayaw
Vehumet
Xom
Zin
The Shining One

Annotations:
D:5 kolakolka's ghost, novice TrMo


Innate Abilities, Weirdness & Mutations

You are too large for most types of armour.
You have claws for hands.
Your metabolism is lightning-fast.
You like to eat raw meat.
Your natural rate of healing is unusually fast.
You are covered in fur. (AC +1)
You have very tough skin. (AC +2)


Message History

The centaur warrior unwields an uncursed shortbow.
The centaur warrior hits you!
* * * LOW HITPOINT WARNING * * *
You see here an arrow.
You claw the centaur warrior!
The centaur warrior is severely wounded.
The centaur warrior hits you but does no damage.
You scratch the centaur warrior.
The centaur warrior is almost dead.
The centaur warrior hits you.
* * * LOW HITPOINT WARNING * * *
You closely miss the centaur warrior.
The centaur warrior is almost dead.
The centaur warrior hits you.
* * * LOW HITPOINT WARNING * * *
The centaur warrior hits you!
* * * LOW HITPOINT WARNING * * *
Unknown command.
You feel better. The centaur warrior hits you!
You die...

...#
#..............##...
...##
#...................
....#
#.(#.........#....#.
#####
#..#.(.......#......
#..#..(......#......
##.#...†.....#......
#.#}..$.....#......
#c######....######.
#.@(...............
#####...###########
#### #.# #
#...###.#### ####
####
#.........#####...
##..##
##..............#.
#....##
##...........##..
>.....##
##..#......#..##..
.......##
##..#########..##..


You could see a centaur warrior.

Vanquished Creatures
  A gargoyle (D:8)
  Sigmund (D:4)
  A yak (D:8)
  Duvessa (D:4)
  A sky beast (D:6)
  2 ice beasts (D:8)
  2 phantoms
  A necrophage (D:8)
  An orc warrior (D:6)
  5 ogres
  3 centaurs
  A crocodile (D:8)
  2 bullfrogs
  A scorpion (D:8)
  Dowan (D:4)
  A crimson imp (D:6)
  A quasit (D:5)
  2 hounds (D:8)
  2 centaur zombies
  5 orc priests
  8 orc wizards
  A bullfrog skeleton (D:4)
  2 iguanas
  Terence (D:3)
  4 worker ants
  2 hound skeletons
  10 adders
  11 gnolls
  A shadow imp (D:8)
  2 oozes
  An adder zombie (D:8)
  A worm (D:3)
  A dart slug (D:2)
  2 leopard geckos
  10 orcs
  3 ball pythons
  3 bats
  8 giant cockroaches
  3 goblins
  4 hobgoblins
  4 jackals
  6 kobolds
  5 quokkas
  3 frilled lizards
  2 leopard gecko skeletons (D:4)
  2 quokka skeletons
  A quokka zombie (D:8)
  6 rats
142 creatures vanquished.

Notes
Turn   | Place    | Note
-------+----------+-------------------------------------------
     0 | D:1      | varam the Troll Monk began the quest for the Orb.
     0 | D:1      | Reached XP level 1. HP: 22/22 MP: 0/0
   685 | D:2      | Reached XP level 2. HP: 29/29 MP: 0/1
   902 | D:3      | Noticed Terence
   920 | D:3      | Killed Terence
   920 | D:3      | Reached skill level 4 in Unarmed Combat
   920 | D:3      | Reached XP level 3. HP: 14/36 MP: 2/2
  1273 | D:3      | Found a sparkling altar of Nemelex Xobeh.
  1316 | D:4      | Found a sacrificial altar of Ru.
  1316 | D:4      | Found a glowing silver altar of Zin.
  1317 | D:4      | Found a stormy altar of Qazlal.
  1332 | D:4      | Reached XP level 4. HP: 36/44 MP: 3/3
  1337 | D:4      | Reached skill level 5 in Unarmed Combat
  1404 | D:4      | Noticed Duvessa
  1404 | D:4      | Noticed Dowan
  1550 | D:3      | Reached XP level 5. HP: 34/50 MP: 4/4
  1637 | D:3      | Reached skill level 6 in Unarmed Combat
  1774 | D:3      | Found a snail-covered altar of Cheibriados.
  2560 | D:2      | Found a deep blue altar of Sif Muna.
  2627 | D:4      | Noticed Sigmund
  2786 | D:3      | Reached XP level 6. HP: 30/59 MP: 3/5
  2904 | D:4      | Found a glowing golden altar of the Shining One.
  2976 | D:5      | Entered Level 5 of the Dungeon
  3065 | D:5      | Reached skill level 7 in Unarmed Combat
  3256 | D:5      | Noticed kolakolka's ghost (novice TrMo)
  3349 | D:6      | Reached skill level 8 in Unarmed Combat
  3349 | D:6      | Reached XP level 7. HP: 39/66 MP: 6/6
  3602 | D:6      | Reached skill level 3 in Dodging
  3677 | D:6      | Found a radiant altar of Vehumet.
  3724 | D:6      | Found a staircase to the Ecumenical Temple.
  3741 | Temple   | Entered the Ecumenical Temple
  3907 | D:6      | Reached skill level 4 in Dodging
  4186 | D:6      | Found a white marble altar of Elyvilon.
  4229 | D:6      | Reached skill level 5 in Dodging
  4229 | D:6      | Reached XP level 8. HP: 48/74 MP: 7/7
  4748 | D:5      | Reached skill level 6 in Dodging
  5611 | D:5      | Reached skill level 7 in Dodging
  5722 | D:4      | Killed Sigmund
  5741 | D:4      | Killed Dowan
  5750 | D:4      | Killed Duvessa
  5864 | D:4      | Found a faded altar of an unknown god.
  5864 | D:4      | Found a faded altar of an unknown god.
  5869 | D:4      | Found a faded altar of an unknown god.
  5871 | D:4      | Found a shadowy altar of Dithmenos.
  5872 | D:4      | Found a faded altar of an unknown god.
  6130 | D:4      | Became a worshipper of Qazlal Stormbringer
  6130 | D:4      | Reached * piety under Qazlal
  6130 | D:4      | Reached ** piety under Qazlal
  6292 | D:6      | Reached XP level 9. HP: 62/80 MP: 8/8
  6497 | D:7      | Reached skill level 8 in Dodging
  6497 | D:7      | Reached skill level 1 in Invocations
  6885 | D:8      | Found a staircase to the Lair.
  6978 | D:8      | Noticed a gargoyle
  7000 | D:8      | Reached skill level 2 in Invocations
  7011 | D:8      | Killed a gargoyle
  7119 | D:8      | Reached skill level 9 in Unarmed Combat
  7119 | D:8      | Reached skill level 3 in Invocations
  7339 | D:8      | Found a shimmering altar of Xom.
  7342 | D:8      | Found a shimmering altar of Xom.
  7342 | D:8      | Found a shimmering altar of Xom.
  7344 | D:8      | Found a shimmering altar of Xom.
  7347 | D:8      | Found a shimmering altar of Xom.
  7347 | D:8      | Found a shimmering altar of Xom.
  7349 | D:8      | Found a shimmering altar of Xom.
  7499 | D:8      | Noticed a centaur warrior
  7519 | D:8      | HP: 1/80 [centaur warrior (10)]
  7520 | D:8      | Slain by a centaur warrior

Skill      XL: |  1  2  3  4  5  6  7  8  9 |
---------------+----------------------------+-----
Unarmed Combat | 4 5 6 8 9 |  9.2
Dodging        | 5 7 8 |  8.7
Invocations    | 3 |  3.6
Fighting       | |  2.4
Stealth        | |  1.0

Action                   |  1- 3 |  4- 6 |  7- 9 || total
-------------------------+-------+-------+-------++-------
Melee: Unarmed           |    54 |   156 |   249 ||   459
       Punch             |     1 |     2 |     9 ||    12
Invok: Upheaval          |       |       |     2 ||     2
  Use: Scroll            |       |     5 |     1 ||     6
       Potion            |       |       |     3 ||     3
 Stab: Sleeping          |     2 |     3 |     1 ||     6
       Distracted        |       |       |     1 ||     1
  Eat: Chunk             |     3 |    20 |    40 ||    63
       Bread ration      |     1 |       |       ||     1
       Meat ration       |       |     1 |       ||     1
Armor: Robe              |    21 |    63 |    46 ||   130
Dodge: Dodged            |    19 |    88 |    90 ||   197
Block: Other             |       |       |     9 ||     9
